 Dungeon Crawl Stone Soup version 0.25.1-2-g60ff931df9 (webtiles) character file.

Game seed: 7117713829711256074

19 hawla the Conjurer (level 2, -4/20 HPs)
             Began as a Draconian Conjurer on Nov 24, 2020.
             Slain by a bullfrog zombie (6 damage)
             ... on level 2 of the Dungeon.
             The game lasted 00:02:49 (1130 turns).

hawla the Conjurer (Draconian Conjurer)             Turns: 1130, Time: 00:02:49

Health: -4/20      AC:  4    Str: 10    XL:     2   Next: 55%
Magic:  1/6        EV: 12    Int: 15    God:
Gold:   92         SH:  0    Dex: 11    Spells: 4/7 levels left

rFire    . . .     SeeInvis .   (no weapon)
rCold    . . .     Gourm    .   (no shield)
rNeg     . . .     Faith    .   (armour unavailable)
rPois    .         Spirit   .   (helmet restricted)
rElec    .         Reflect  .   (no cloak)
rCorr    .         Harm     .   (no gloves)
MR       .....                  (no boots)
Stlth    ++........             (no amulet)
HPRegen  0.06/turn              (no ring)
MPRegen  0.10/turn              (no ring)

@: no status effects
A: unfitting armour, cold-blooded, AC +4
a: no special abilities


You were on level 2 of the Dungeon.
You were not hungry.

You visited 1 branch of the dungeon, and saw 2 of its levels.

You collected 92 gold pieces.

Inventory:

Scrolls
 a - a scroll of identify
 c - a scroll of remove curse
 f - a scroll of enchant weapon {unknown}
Potions
 d - 2 potions of brilliance {unknown}
 e - a potion of heal wounds {unknown}
 g - a potion of resistance
Comestibles
 b - 2 rations
 h - a chunk of flesh


   Skills:
 - Level 1.7 Dodging
 - Level 1.7 Stealth
 * Level 3.0 Spellcasting
 + Level 4.0 Conjurations


You had 4 spell levels left.
You knew the following spells:

 Your Spells              Type           Power        Failure   Level  Hunger
a - Magic Dart            Conj           ##..         3%          1    #......
b - Searing Ray           Conj           ##....       6%          2    ##.....

Your spell library contained the following spells:

 Spells                   Type           Power        Failure   Level  Hunger
 Dazzling Flash           Conj/Hex       #.....       26%         3    ###....
 Fulminant Prism          Conj/Hex       #.........   65%         4    #####..
 Iskenderun's Mystic Bla  Conj/Tloc      #.......     65%         4    #####..


Dungeon Overview and Level Annotations

Branches:
Dungeon (2/15)

Altars:


Innate Abilities, Weirdness & Mutations

Your plain brown scales are hard. (AC +4)
You cannot fit into any form of body armour.
You are cold-blooded and may be slowed by cold attacks.


Message History

You closely miss the bullfrog zombie.
The bullfrog zombie is almost destroyed.
The bullfrog zombie hits you but does no damage.
Casting: Searing Ray (safe; 6% risk of failure)
Confirm with . or Enter, or press ? or * to list all spells.
Aiming: Magic Dart (safe; 3% risk of failure)
Press: ? - help, Shift-Dir - straight line, f/p - bullfrog zombie
Aim: a bullfrog zombie (almost destroyed)
The magic dart hits the bullfrog zombie.
The bullfrog zombie is almost destroyed.
The bullfrog zombie hits you but does no damage.
The bullfrog zombie closely misses you.
The bullfrog zombie completely misses you.
The bullfrog zombie hits you. The bullfrog zombie hits you.
* * * LOW HITPOINT WARNING * * *
The bullfrog zombie hits you.
* * * LOW HITPOINT WARNING * * *
The bullfrog zombie hits you.
You die...

*.# *,,,, *.# ***,, #############
*.#******, ............#
*.#,,,,,,, .##########.#
*.#,#****, .# #.# #####.#.####*,
.####### #.# #...........,,
.......####.########.........##**
.#####..........@Z....#####..#**
># #.####.########......#*#..* .#
#......# #.....##,,,.* .#
#.###### ##....##,,,,** .#####.#
#########....##,,,,,* .......#
#....รท......##,,,,,,* ###.####
#.###.#....##,,,,*,**** #.# #.#
#....###,,,,,*,,,,, #.# #.#
#...## *****,******


You could see a bullfrog zombie.

Vanquished Creatures
  A dart slug (D:1)
  2 giant cockroaches (D:1)
  A goblin (D:1)
  3 hobgoblins
  A quokka (D:2)
  A bat (D:1)
  4 frilled lizards
  2 kobolds (D:1)
  2 rats (D:1)
17 creatures vanquished.

Notes
Turn   | Place    | Note
-------+----------+-------------------------------------------
     0 | D:1      | hawla the Draconian Conjurer began the quest for the Orb.
     0 | D:1      | Reached XP level 1. HP: 14/14 MP: 3/3
   398 | D:1      | Reached XP level 2. HP: 14/20 MP: 0/5
   915 | D:2      | Learned a level 2 spell: Searing Ray
  1130 | D:2      | Slain by a bullfrog zombie

Illustrated notes

Levels and vault maps discovered:
D:1:      psy_arrival_basics, layout_basic
D:2:      kennysheep_the_goblin_king, layout_loops_ring, nrook_mini_backslash

Skill      XL: |  1  2 |
---------------+-------+-----
Spellcasting   | 3 |  3.0
Dodging        | |  1.7
Stealth        | |  1.7
Conjurations   | |  4.0

Action                   || total
-------------------------++-------
Melee: Unarmed           ||    19
       Tailslap          ||     3
 Cast: Magic Dart        ||    38
       Searing Ray       ||     1
  Use: Scroll            ||     4
  Eat: Chunk             ||     1
Armor: Skin              ||     8
Dodge: Dodged            ||    21
